[Event "Team 45 45 League T39"]
[Site "Internet Chess Club"]
[Date "2008.11.25"]
[Round "5"]
[White "DTK"]
[Black "Monsoon-Smith"]
[Result "1/2-1/2"]
[WhiteElo "2159"]
[BlackElo "2076"]
[Opening "Sicilian defense"]
[ECO "B40"]
[Time "21:00:34"]
[TimeControl "2700+45"]

1. e4 c5 2. Nf3 e6 3. d3 Nc6 4. g3 g6 5. Bg5 Qc7 6. Bg2 Bg7 7. c3 Nge7 8. O-O
O-O 9. Na3 a6 10. d4 cxd4 11. cxd4 d5 12. e5 Bd7 13. Qd2 Qb6 14. Nc2 Rac8 15.
Rac1 Rfe8 16. b4 Na7 17. Ne3 h6 18. Bf6 Kh7 19. Rxc8 Naxc8 20. Bxg7 Kxg7 21. Ng4
Ng8 22. Rc1 Qd8 23. h4 Bb5 24. Bf1 Bxf1 25. Kxf1 Nb6 26. Ne3 Qd7 27. Ne1 Rc8 28.
Rxc8 Qxc8 29. Qc2 Nc4 30. Nxc4 dxc4 31. Nd3 Qc6 32. Nc5 Ne7 33. Qa4 Qxa4 34.
Nxa4 Nc6 35. Nc5 Nxb4 36. Nxb7 Nxa2 37. Ke1 Nc3 38. Na5 Nb5 39. Nxc4 Nxd4 40.
Kd2 g5 41. hxg5 hxg5 42. Ke3 Nc6 43. f4 f6 44. exf6+ Kxf6 45. Ke4 gxf4 46. gxf4
a5 47. Nb6 Nb4 48. Nd7+ Ke7 49. Nb6 Na6 50. Ke5 Nc5 51. f5 exf5 52. Kxf5 Kd8 53.
Ke5 Kc7 54. Nc4 a4 55. Kd4 Kc6 56. Kc3 Na6 57. Kb2 Kc5 58. Ka3 Kxc4 59. Kxa4
{Game drawn because neither player has mating material} 1/2-1/2

[Event "Team 45 45 League T39"]
[Site "Internet Chess Club"]
[Date "2008.11.24"]
[Round "5"]
[White "fledermaus"]
[Black "Ser-Enigma"]
[Result "0-1"]
[WhiteElo "1952"]
[BlackElo "2167"]
[Opening "QGA: classical, 6...a6"]
[ECO "D27"]
[Time "14:04:20"]
[TimeControl "2700+45"]

1. d4 d5 2. c4 dxc4 3. Nf3 Nf6 4. e3 e6 5. Bxc4 c5 6. O-O a6 7. dxc5 Bxc5 8. Qe2
Qc7 9. a3 O-O 10. b4 Bd6 11. Bb2 Ng4 12. h3 Ne5 13. Nxe5 Bxe5 14. Bxe5 Qxe5 15.
Nd2 Nc6 16. Nf3 Qf6 17. Rac1 Bd7 18. Rfd1 Rfd8 19. Bb3 e5 20. Rc5 Be6 21. Bxe6
Qxe6 22. Rdc1 h6 23. Qb2 e4 24. Ne5 Ne7 25. Rc7 Rd5 26. Nc4 Rad8 27. Na5 b6 28.
Nb3 Rd1+ 29. Kh2 Qd6+ 30. g3 Rd3 31. Nd4 Qe5 32. Rxe7 Qxe7 33. Nc6 Qd6 34. Nxd8
Qxd8 35. Rc2 Qd5 36. Qa2 Qxa2 37. Rxa2 f6 38. g4 Kf7 39. Kg3 g5 40. Rc2 Rxa3 41.
Rc7+ Kg6 42. Re7 Ra4 43. Rxe4 a5 44. Kf3 axb4 45. Rd4 b5 46. Rd5 Ra5 47. Rd4 Ra4
48. Rd5 Ra1 49. Rxb5 Rb1 50. Rb7 b3 51. Ke4 b2 52. f3 h5 53. Rb8 h4 54. Rb7 Kh6
55. Rb6 Kg7 56. Rb7+ Kg6 57. Rb3 Kf7 58. Rb7+ Ke6 59. Rb6+ Ke7 60. Rb7+ Kd6 61.
Rb3 Kc5 62. Kf5 Kc4 63. Rb8 Rf1 64. Rxb2 Rxf3+ 65. Ke4 Rxh3 66. Rc2+ Kb3 67. Rf2
Rg3 68. Kf5 h3 69. Kxf6 Rxg4 70. Rh2 Rg3 71. e4 g4 72. e5 Rg2 73. Rh1 h2 74. e6
Re2 75. e7 g3 76. Kf7 g2 77. Rxh2 Rxe7+ 78. Kxe7 g1=Q 79. Rh3+ Kc2 80. Rf3 Qc5+
81. Kd8 Qd5+ {White resigns} 0-1

[Event "Team 45 45 League T39"]
[Site "Internet Chess Club"]
[Date "2008.11.23"]
[Round "5"]
[White "Uwak"]
[Black "gyoung"]
[Result "1-0"]
[WhiteElo "2304"]
[BlackElo "2225"]
[Opening "Sicilian: Nimzovich-Rossolimo attack (with ...g6, without ...d6)"]
[ECO "B31"]
[Time "23:00:12"]
[TimeControl "2700+45"]

1. e4 c5 2. Nf3 Nc6 3. Bb5 g6 4. O-O Bg7 5. c3 Nf6 6. Re1 O-O 7. h3 Qb6 8. Ba4
d5 9. e5 Ne8 10. d4 cxd4 11. cxd4 Nc7 12. Nc3 Rd8 13. Bb3 Na5 14. Bc2 Qc6 15.
Bg5 f6 16. exf6 exf6 17. Bf4 Ne6 18. Bh2 b5 19. Bd3 a6 20. a4 b4 21. Ne2 Bh6 22.
b3 Qb6 23. h4 Bd7 24. h5 Be8 25. Qb1 Nf8 26. hxg6 hxg6 27. Nf4 g5 28. Rxe8 gxf4
29. Bh7+ Kh8 30. Qg6 Bg7 31. Ng5 Ra7 32. Qh5 Rxe8 33. Be4+ Kg8 34. Bxd5+ Ne6 35.
Qxe8+ Bf8 36. Nxe6 {Black resigns} 1-0

[Event "Team 45 45 League T39"]
[Site "Internet Chess Club"]
[Date "2008.11.24"]
[Round "5"]
[White "f5"]
[Black "searchforbobby1"]
[Result "1/2-1/2"]
[WhiteElo "2209"]
[BlackElo "2219"]
[Opening "QGD semi-Slav"]
[ECO "D43"]
[Time "22:30:36"]
[TimeControl "2700+45"]

1. d4 d5 2. Nf3 Nf6 3. c4 c6 4. Nc3 e6 5. g3 Nbd7 6. Bg2 dxc4 7. a4 Be7 8. Nd2
e5 9. Nxc4 exd4 10. Qxd4 O-O 11. O-O Nc5 12. Qxd8 Rxd8 13. Bg5 Nb3 14. Rad1 Be6
15. Ne5 h6 16. Bf4 Rxd1 17. Rxd1 Rd8 18. Rxd8+ Bxd8 19. Be3 a6 20. Nd3 Ba5 21.
Ne4 Nxe4 22. Bxe4 Kf8 23. Nc5 Nxc5 24. Bxc5+ Ke8 25. b4 Bc7 26. a5 g6 27. Kf1
Kd7 28. Ke1 Bd5 29. Bd3 f5 30. Kd2 Ke6 31. f4 g5 32. e3 g4 33. Kc3 Bd8 {Game
drawn by mutual agreement} 1/2-1/2

[Event "Team 45 45 League T39"]
[Site "Internet Chess Club"]
[Date "2008.11.21"]
[Round "5"]
[White "keisher415"]
[Black "palito"]
[Result "1-0"]
[WhiteElo "2126"]
[BlackElo "2102"]
[Opening "Sicilian: Hungarian variation"]
[ECO "B27"]
[Time "17:08:48"]
[TimeControl "2700+45"]

1. e4 c5 2. Nf3 g6 3. c3 Bg7 4. d4 cxd4 5. cxd4 d5 6. e5 Bg4 7. Nc3 Nc6 8. Be2
e6 9. Nb5 Bf8 10. O-O a6 11. Bg5 Qb6 12. Nd6+ Bxd6 13. exd6 Bxf3 14. Bxf3 Qxd4
15. Qc1 h6 16. Rd1 Qg7 17. Bd2 Kd7 18. Bc3 f6 19. Qe3 Qf8 20. Bg4 Qxd6 21. Rxd5
Qxd5 22. Rd1 Qxd1+ 23. Bxd1 Nge7 24. Bg4 Nf5 25. Qb6 Nd6 26. Bxf6 Rhf8 27. Bc3
Rf4 28. f3 Raf8 29. Qe3 h5 30. Bh3 Kc7 31. Qxe6 Ne4 32. Be5+ Nxe5 33. Qxe5+ Kb6
34. g3 Nxg3 35. hxg3 Rxf3 36. Bg2 R3f5 37. Qg7 {Black resigns} 1-0

[Event "Team 45 45 League T39"]
[Site "Internet Chess Club"]
[Date "2008.11.22"]
[Round "5"]
[White "Blade"]
[Black "nardz"]
[Result "1-0"]
[WhiteElo "2119"]
[BlackElo "2181"]
[Opening "Sicilian: Najdorf, 6.f4"]
[ECO "B93"]
[Time "19:06:53"]
[TimeControl "2700+45"]

1. e4 c5 2. Nf3 d6 3. Nc3 a6 4. d4 cxd4 5. Nxd4 Nf6 6. f4 Qc7 7. a4 Nc6 8. Nxc6
bxc6 9. Qd3 g6 10. Be3 a5 11. O-O-O Bg7 12. Be2 O-O 13. h4 Ba6 14. Qd2 Bxe2 15.
Qxe2 Rab8 16. Bd4 Qb7 17. b3 c5 18. Bxf6 Bxf6 19. Nb5 Rfc8 20. e5 dxe5 21. fxe5
Bg7 22. e6 Qb6 23. exf7+ Kxf7 24. Qc4+ Qe6 25. Rhf1+ Bf6 26. Rxf6+ Kxf6 27. Rf1+
Qf5 28. Rxf5+ gxf5 29. Qc3+ Kf7 30. Qe5 {Black resigns} 1-0

[Event "Team 45 45 League T39"]
[Site "Internet Chess Club"]
[Date "2008.11.22"]
[Round "5"]
[White "Bookkeeper"]
[Black "Ehab"]
[Result "0-1"]
[WhiteElo "1613"]
[BlackElo "1948"]
[Opening "Scandinavian: Pytel-Wade variation"]
[ECO "B01"]
[Time "15:03:22"]
[TimeControl "2700+45"]

1. e4 d5 2. exd5 Qxd5 3. Nc3 Qd6 4. Nf3 Nf6 5. Be2 a6 6. O-O Bg4 7. d3 Nc6 8.
Be3 e5 9. h3 Be6 10. Qd2 Be7 11. Ng5 h6 12. Nxe6 Qxe6 13. Rfe1 O-O 14. Rad1 Rad8
15. Qc1 Nh7 16. a3 f5 17. b3 f4 18. d4 fxe3 19. Bc4 exf2+ 20. Kf1 fxe1=Q+ 21.
Kxe1 Bh4+ 22. Ke2 Rf2+ 23. Ke3 exd4+ 24. Kd3 dxc3+ 25. Kxc3 Bf6+ 26. Rd4 Bxd4+
27. Kd3 Bb2+ {White resigns} 0-1

[Event "Team 45 45 League T39"]
[Site "Internet Chess Club"]
[Date "2008.11.19"]
[Round "5"]
[White "Ghashgork"]
[Black "RingLord"]
[Result "1-0"]
[WhiteElo "1725"]
[BlackElo "1602"]
[Opening "Bird's opening"]
[ECO "A03"]
[Time "16:02:59"]
[TimeControl "2700+45"]

1. f4 d5 2. Nf3 Nc6 3. g3 g6 4. Bg2 Bg7 5. O-O Bg4 6. h3 Bf5 7. d3 Qd6 8. d4
O-O-O 9. c3 h5 10. b4 Nf6 11. Qa4 Bxb1 12. Rxb1 Ne4 13. Bd2 Nxg3 14. Rfe1 a6 15.
b5 Nb8 16. c4 dxc4 17. e3 Ne4 18. Qxc4 e6 19. Rec1 Rd7 20. Bb4 Qd5 21. Qc2 f5
22. Ng5 axb5 23. Nxe4 fxe4 24. Bxe4 Qc4 25. Qg2 Bxd4 26. Bxb7+ Kd8 27. Qg5+ Ke8
28. Qxg6+ Rf7 29. Rxc4 Bxe3+ 30. Kh1 bxc4 31. Qxe6+ Kd8 {Black resigns} 1-0

[Event "Team 45 45 League T39"]
[Site "Internet Chess Club"]
[Date "2008.11.23"]
[Round "5"]
[White "dougmo"]
[Black "knight2f3"]
[Result "0-1"]
[WhiteElo "1524"]
[BlackElo "1547"]
[Opening "Alekhine's defense: exchange variation"]
[ECO "B03"]
[Time "13:06:32"]
[TimeControl "2700+45"]

1. e4 Nf6 2. e5 Nd5 3. d4 d6 4. c4 Nb6 5. exd6 exd6 6. Bd3 Be7 7. Qc2 Nc6 8. Ne2
Nb4 9. Qb3 Nxd3+ 10. Qxd3 O-O 11. Nbc3 Bf6 12. Be3 Re8 13. O-O g6 14. a4 Bf5 15.
Qd1 Nxc4 16. Qc1 Nxe3 17. fxe3 Bg5 18. Nd5 c6 19. Ndf4 Qe7 20. Ra3 d5 21. Ng3
Bg4 22. h3 Bd7 23. Kh1 Qd6 24. Rf3 Re7 25. Nd3 f6 26. Nc5 Bc8 27. Qf1 b6 28. Na6
Bd7 29. a5 Rae8 30. axb6 axb6 31. Qc1 f5 32. Nf1 Bc8 33. b4 Bxa6 34. Rxa6 Qxb4
35. Qxc6 Qe1 36. Qxd5+ Kh8 37. Ra8 Bxe3 38. Rxe8+ Rxe8 39. Qf7 Bxd4 40. Qd5 Qe5
41. Qb3 Bc5 42. Qd3 Qd4 43. Qxd4+ Bxd4 44. Nd2 Re1+ 45. Nf1 Kg7 46. Kh2 Be5+ 47.
Kg1 Rb1 48. Kf2 Rb2+ 49. Ke1 b5 50. g4 fxg4 51. hxg4 b4 52. Ne3 Bc3+ 53. Kd1
Rd2+ 54. Kc1 b3 55. Nf5+ Kh8 56. Rxc3 b2+ 57. Kb1 gxf5 58. gxf5 Kg7 59. Rg3+ Kf6
60. Rh3 Rd7 61. Kxb2 Kxf5 62. Kc2 Kg4 63. Rc3 Rf7 64. Rc8 Rg7 65. Kd1 Kh3 66.
Rc3+ Rg3 67. Rc7 h5 68. Rh7 h4 69. Ke1 Rg4 70. Kf1 Kh2 71. Kf2 h3 72. Kf3 Rg3+
73. Kf2 Rc3 74. Rh6 Kh1 75. Kf1 h2 76. Rh5 Rc1+ 77. Kf2 Rg1 78. Rh6 Rg2+ 79. Kf1
Rb2 80. Rh5 Rb4 81. Rg5 Rb1+ 82. Kf2 Rg1 83. Rh5 Rg4 84. Rh6 Rf4+ 85. Ke1 Kg2
86. Rg6+ Kh3 {White resigns} 0-1

[Event "Team 45 45 League T39"]
[Site "Internet Chess Club"]
[Date "2008.11.22"]
[Round "5"]
[White "Mutaant"]
[Black "werty"]
[Result "1/2-1/2"]
[WhiteElo "1521"]
[BlackElo "1528"]
[Opening "French defense"]
[ECO "C00"]
[Time "14:31:55"]
[TimeControl "2700+45"]

1. e4 e6 2. Bc4 d5 3. exd5 exd5 4. Bb3 Nf6 5. d4 Bd6 6. Bg5 c6 7. h3 O-O 8. Qf3
Re8+ 9. Ne2 Be7 10. O-O Ne4 11. Be3 Nd7 12. c4 Ndf6 13. Nd2 Nxd2 14. Bxd2 Ne4
15. Be3 Bg5 16. Nf4 Bxf4 17. Qxf4 Nf6 18. Qf3 dxc4 19. Bxc4 Be6 20. Rac1 Nd5 21.
b3 Nxe3 22. fxe3 Bxc4 23. bxc4 Qd7 24. Rc2 {Game drawn by mutual agreement}
1/2-1/2

[Event "Team 45 45 League T39"]
[Site "Internet Chess Club"]
[Date "2008.11.26"]
[Round "5"]
[White "LOTRELF"]
[Black "OGO"]
[Result "1-0"]
[WhiteElo "1668"]
[BlackElo "1589"]
[Opening "English opening"]
[ECO "A13"]
[Time "17:00:14"]
[TimeControl "2700+45"]

1. c4 e6 2. Nc3 d6 3. d4 Nf6 4. Nf3 b6 5. e4 Bb7 6. d5 e5 7. Be2 Nbd7 8. b4 Be7
9. O-O O-O 10. a4 c6 11. Bg5 Nxd5 12. Bxe7 Nxc3 13. Bxd8 Nxd1 14. Be7 Nc3 15.
Bd3 Rfe8 16. Bxd6 Nf6 17. Nd2 Rad8 18. c5 b5 19. axb5 Nxb5 20. Bxb5 cxb5 21. f3
a6 22. Nb3 Ra8 23. Na5 Bc8 24. Nc6 Nd7 25. Rfd1 f6 26. Ne7+ Kf7 27. Nd5 Ra7 28.
Nc7 Rd8 29. Nxb5 Ra8 30. Bc7 Rf8 31. Nd6+ Ke6 32. g4 Nb8 33. Bxb8 Rxb8 34. Nxc8
Rfxc8 35. Rxa6+ Ke7 36. Ra7+ Kf8 37. Rdd7 Rxb4 38. Rf7+ Kg8 39. Rxg7+ Kh8 40.
Rxh7+ Kg8 41. Rac7 Rxc7 42. Rxc7 Rc4 43. h4 Rc2 44. c6 Kf8 45. h5 Kg8 46. Rc8+
Kg7 47. Kf1 Kf7 48. Ke1 Kg7 49. Kd1 Rc3 50. c7 Rc6 51. Kd2 Kf7 52. Rh8 {Black
resigns} 1-0

[Event "Team 45 45 League T39"]
[Site "Internet Chess Club"]
[Date "2008.11.24"]
[Round "5"]
[White "RD1974"]
[Black "Crush1000"]
[Result "1/2-1/2"]
[WhiteElo "1616"]
[BlackElo "1364"]
[Opening "Bishop's opening"]
[ECO "C23"]
[Time "18:01:25"]
[TimeControl "2700+45"]

1. e4 e5 2. Bc4 Nc6 3. Nc3 Bb4 4. Nge2 d6 5. Nd5 Bc5 6. d3 Be6 7. Ng3 Nge7 8.
Bg5 h6 9. Qh5 Qd7 10. Nxc7+ Qxc7 11. Bxe6 g6 12. Bxf7+ Kxf7 13. Qf3+ Ke8 14. Be3
Rf8 15. Qe2 Bxe3 16. fxe3 h5 17. O-O-O Rc8 18. a3 d5 19. exd5 Nxd5 20. Ne4 Nf6
21. Nc5 Qe7 22. Nb3 Ng4 23. Rdf1 Rxf1+ 24. Qxf1 Nxe3 25. Qe2 Qg5 26. g3 Nd4 27.
Nxd4 exd4 28. Qf3 Nd5+ 29. Kb1 Qf5 30. Qe2+ Ne3 31. Rc1 Kd7 32. Qd2 Qc5 33. Qe2
Qg5 34. Qf3 Qf5 35. Qxb7+ Rc7 36. Qb4 Qc5 37. Qd2 Rb7 38. c3 dxc3 39. Rxc3 Qd4
40. Qf2 Nf5 41. Qg2 Qxc3 42. Qxb7+ Qc7 43. Qb5+ Qc6 44. Qb3 Kd6 45. Qb8+ Qc7 46.
Qb4+ Kd7 47. Qa4+ Kd8 48. Qe4 Qd7 49. Qa8+ Ke7 50. Qe4+ Kf6 51. Qc4 Qe6 52. Qc3+
Qe5 53. Qc6+ Kg5 54. Qe4 Qxe4 55. dxe4 Ne7 56. Kc2 Kf6 57. Kd3 Ke5 58. b4 Nc8
59. a4 Nd6 60. b5 Nxe4 61. Kc4 Kd6 62. a5 Nc5 63. b6 axb6 64. axb6 Kc6 65. Kd4
Ne6+ 66. Ke5 Nf8 67. Kf6 Kxb6 68. h4 Kc6 69. Kf7 Kd6 70. Kxf8 Ke6 71. Kg7 Kf5
72. Kh6 Kf6 73. Kh7 Kf7 74. Kh6 Kf6 75. Kh7 Kf5 76. Kh6 Kf6 {Game drawn by
repetition} 1/2-1/2

[Event "Team 45 45 League T39"]
[Site "Internet Chess Club"]
[Date "2008.11.24"]
[Round "5"]
[White "mightynite"]
[Black "Skyler"]
[Result "1-0"]
[WhiteElo "1438"]
[BlackElo "1365"]
[Opening "English: Caro-Kann defensive system"]
[ECO "A11"]
[Time "20:00:00"]
[TimeControl "2700+45"]

1. c4 c6 2. Nc3 d5 3. cxd5 cxd5 4. d4 Bf5 5. Nf3 e6 6. Bf4 Nc6 7. e3 Nf6 8. Bb5
Be7 9. Ne5 Qb6 10. O-O O-O 11. Bg5 Rfc8 12. Rc1 a6 13. Bxc6 bxc6 14. b3 c5 15.
Na4 Qa7 16. dxc5 Bxc5 17. Nxc5 Rxc5 18. Bxf6 gxf6 19. Nc6 Rxc1 20. Qxc1 Qb7 21.
Qc5 Rc8 22. Ne7+ Kg7 23. Qxc8 Qxe7 24. Qxa6 Qc7 25. Qa4 Bd3 26. Rd1 Qc2 27. Re1
Qd2 28. Qg4+ Kf8 29. Qd1 Qxd1 30. Rxd1 Bc2 31. Rc1 Bd3 32. a4 Ba6 33. b4 Kg7 34.
b5 Bb7 35. a5 d4 36. exd4 e5 37. dxe5 f5 38. a6 Bd5 39. b6 f4 40. b7 Bxb7 41.
axb7 f3 42. Rc6 fxg2 43. b8=Q h5 44. Qd6 h4 45. Qf6+ Kh7 46. Qh6+ Kg8 47. Rc8#
{Black checkmated} 1-0

[Event "Team 45 45 League T39"]
[Site "Internet Chess Club"]
[Date "2008.11.23"]
[Round "5"]
[White "npranav"]
[Black "cgrau"]
[Result "1/2-1/2"]
[WhiteElo "1631"]
[BlackElo "1807"]
[Opening "Dutch with c4 & Nc3"]
[ECO "A85"]
[Time "18:00:35"]
[TimeControl "2700+45"]

1. d4 f5 2. c4 Nf6 3. Nc3 d6 4. Nf3 g6 5. Bf4 Bg7 6. e3 O-O 7. Be2 Qe8 8. h3
Nbd7 9. O-O a6 10. Qb3 Kh8 11. Rad1 e5 12. dxe5 dxe5 13. Bg5 h6 14. Bxf6 Nxf6
15. Qc2 e4 16. Nd4 c5 17. Nb3 b6 18. Nd5 Rb8 19. Rd2 Be6 20. Nc7 Qc8 21. Nxe6
Qxe6 22. Rfd1 Qe7 23. a4 a5 24. Nc1 Rfd8 25. Rxd8+ Rxd8 26. Rxd8+ Qxd8 27. Qd1
Qxd1+ 28. Bxd1 Nd7 29. b3 Bb2 {Game drawn by mutual agreement} 1/2-1/2

[Event "Team 45 45 League T39"]
[Site "Internet Chess Club"]
[Date "2008.11.26"]
[Round "5"]
[White "crag"]
[Black "civilization"]
[Result "1/2-1/2"]
[WhiteElo "1587"]
[BlackElo "1620"]
[Opening "Sicilian: Pin variation (Sicilian counter-attack)"]
[ECO "B41"]
[Time "19:03:56"]
[TimeControl "2700+45"]

1. e4 c5 2. Nf3 e6 3. d4 cxd4 4. Nxd4 Nf6 5. Nc3 Bb4 6. Bd3 d5 7. exd5 Nxd5 8.
Bd2 Nc6 9. Nxc6 bxc6 10. Nxd5 Bxd2+ 11. Qxd2 cxd5 12. O-O O-O 13. Rad1 a5 14.
Be2 Ba6 15. Bxa6 Rxa6 16. c4 Rd6 17. Qd3 Qd7 18. Rd2 Rd8 19. Rfd1 h6 20. Qc3 Qc7
21. g3 Kf8 22. Rd4 f6 23. Qa3 Kf7 24. h3 Kg8 25. R1d2 Kf7 26. g4 Rc6 27. cxd5
exd5 28. Rxd5 Rxd5 29. Rxd5 Rc1+ 30. Kg2 Qb7 31. Qf3 a4 32. Rd3 Qxf3+ 33. Kxf3
Rc2 34. Ra3 Rc4 35. Rc3 Rb4 36. b3 Ke6 37. Ke3 Ke5 38. bxa4 Rxa4 39. a3 Re4+ 40.
Kf3 Ra4 41. Re3+ Kd5 42. Rb3 g5 43. Rb5+ Ke6 44. Rb3 Kd5 45. Rd3+ Ke5 46. Ke2
Ke4 47. Re3+ Kd5 48. Rb3 Ke5 49. Rb5+ Ke6 {Game drawn by mutual agreement}
1/2-1/2

[Event "Team 45 45 League T39"]
[Site "Internet Chess Club"]
[Date "2008.11.30"]
[Round "5"]
[White "AndersO"]
[Black "chessmanlo"]
[Result "1-0"]
[WhiteElo "1446"]
[BlackElo "1238"]
[Opening "Sicilian: Grand Prix attack"]
[ECO "B23"]
[Time "18:03:05"]
[TimeControl "2700+45"]

1. e4 c5 2. Nc3 Nc6 3. f4 d6 4. Nf3 Nf6 5. Bc4 e5 6. fxe5 dxe5 7. O-O Bd6 8. d3
Bg4 9. Ne2 Nd4 10. Nexd4 exd4 11. e5 Bxf3 12. Qxf3 Bxe5 13. Qxb7 O-O 14. Qf3 Qc7
15. g3 Rfe8 16. Bd2 Rad8 17. Rae1 Kh8 18. Re2 Rd6 19. Rfe1 h6 20. Rxe5 Rxe5 21.
Rxe5 Nd7 22. Re8+ Kh7 23. Bf4 Rf6 24. Qe4+ {Black resigns} 1-0

[Event "Team 45 45 League T39"]
[Site "Internet Chess Club"]
[Date "2008.11.22"]
[Round "5"]
[White "Cotesita"]
[Black "pedrin"]
[Result "0-1"]
[WhiteElo "1621"]
[BlackElo "1581"]
[Opening "QGD: classical variation (5.Bf4)"]
[ECO "D31"]
[Time "15:00:36"]
[TimeControl "2700+45"]

1. d4 d5 2. c4 e6 3. Nc3 Be7 4. Nf3 Nf6 5. Bf4 O-O 6. e3 Nc6 7. Be2 Nh5 8. Bg3
Nxg3 9. hxg3 Bb4 10. Qc2 Bxc3+ 11. Qxc3 dxc4 12. Bxc4 Qd6 13. a3 Rd8 14. Qc2 h6
15. O-O-O Na5 16. Ne5 Nxc4 17. Qxc4 a6 18. Qe2 f6 19. Ng6 Qc6+ 20. Kb1 Qe4+ 21.
Qc2 Qxc2+ 22. Kxc2 Kf7 23. Nf4 e5 24. dxe5 Bf5+ 25. Kc3 fxe5 26. Nd5 c6 27. Nb6
Rab8 28. Nc4 Rxd1 29. Rxd1 Ke6 30. f3 b5 31. Na5 c5 32. b4 cxb4+ 33. Kxb4 Bc2
34. Rd2 Bf5 35. e4 Bg6 36. Rc2 Rd8 37. Nb7 Rd4+ 38. Kc5 Ra4 39. Rc3 Kf6 40. Kb6
Rc4 41. Rb3 Rc2 42. Kxa6 Rxg2 43. g4 Rg3 44. Kxb5 Bxe4 45. Nc5 Bd5 46. Rd3 Ba8
47. Rd6+ Ke7 48. Re6+ Kf7 49. Rxe5 Bxf3 50. a4 Bxg4 51. a5 Ra3 52. Re4 h5 53. a6
g5 54. Kb6 Bf5 55. Rb4 Bh3 56. a7 Bg2 57. Ra4 Rxa4 58. Nxa4 h4 59. Nc5 Ba8 60.
Kc7 h3 61. Kb8 h2 62. Kxa8 h1=Q+ 63. Kb8 Qh2+ 64. Kb7 Qb2+ 65. Kc7 Qe5+ 66. Kc6
Qe8+ 67. Kc7 Qa8 68. Kb6 g4 69. Na6 g3 70. Nc7 Qxa7+ 71. Kxa7 g2 72. Kb6 g1=Q+
73. Kc6 Qc1+ 74. Kb6 Qc4 75. Nb5 Ke7 76. Ka5 Kd7 77. Na3 Qc3+ 78. Ka4 Kc6 {White
resigns} 0-1

[Event "Team 45 45 League T39"]
[Site "Internet Chess Club"]
[Date "2008.11.21"]
[Round "5"]
[White "lmadueno"]
[Black "DrewA"]
[Result "1-0"]
[WhiteElo "1628"]
[BlackElo "1729"]
[Opening "Scotch gambit: Benima defense"]
[ECO "C44"]
[Time "11:00:17"]
[TimeControl "2700+45"]

1. e4 e5 2. Nf3 Nc6 3. d4 exd4 4. Bc4 Be7 5. c3 dxc3 6. Qd5 Nh6 7. Bxh6 O-O 8.
Bc1 cxb2 9. Bxb2 Bf6 10. e5 Be7 11. O-O d6 12. exd6 Qxd6 13. Qh5 Qc5 14. Qxc5
Bxc5 15. Nbd2 Bg4 16. h3 Bh5 17. Ng5 h6 18. Nge4 Bb6 19. Bd5 Be2 20. Rfe1 Bb5
21. a4 Ba6 22. Bxc6 bxc6 23. a5 Bb7 24. axb6 cxb6 25. Nd6 Bc8 26. Nxc8 Rfxc8 27.
Ne4 Rd8 28. Rad1 c5 29. Rxd8+ Rxd8 30. Ra1 Ra8 31. Nd6 Kf8 32. Nb5 a6 33. Nc7
Ra7 34. Nxa6 f6 35. Ba3 Ke8 36. Bc1 Kd8 37. Bf4 Kc8 38. Bb8 Ra8 39. Bd6 g6 40.
g4 h5 41. gxh5 gxh5 42. f4 f5 43. Kf2 {Black resigns} 1-0

[Event "Team 45 45 League T39"]
[Site "Internet Chess Club"]
[Date "2008.11.23"]
[Round "5"]
[White "UglyJames"]
[Black "PANAMA-REY"]
[Result "0-1"]
[WhiteElo "1234"]
[BlackElo "1566"]
[Opening "Philidor's defense"]
[ECO "C41"]
[Time "15:00:26"]
[TimeControl "2700+45"]

1. e4 e5 2. Nf3 d6 3. Bc4 Nc6 4. d3 Be7 5. h3 Nf6 6. Nc3 Na5 7. b3 Nxc4 8. bxc4
O-O 9. Nd5 Nxd5 10. cxd5 b6 11. c3 f5 12. O-O f4 13. d4 Ba6 14. Re1 Bc8 15. dxe5
dxe5 16. Nxe5 Bd6 17. Nd3 f3 18. e5 Bc5 19. Nf4 fxg2 20. Qf3 g5 21. Qxg2 h6 22.
h4 Rf7 23. hxg5 hxg5 24. Be3 Rg7 25. Nd3 Be7 26. d6 Rb8 27. dxe7 Qxe7 28. f3 Bb7
29. Kf2 g4 30. Qh2 g3+ 31. Qxg3 Rxg3 32. Kxg3 Rf8 33. Rg1 Rxf3+ 34. Kh2+ Kf8 35.
Rgf1 Qh7+ 36. Kg1 Qg6+ 37. Kh2 Qg3+ 38. Kh1 Qh3+ 39. Kg1 Qg3+ 40. Kh1 Rxf1#
{White checkmated} 0-1

[Event "Team 45 45 League T39"]
[Site "Internet Chess Club"]
[Date "2008.11.20"]
[Round "5"]
[White "betto2506"]
[Black "Maxfield"]
[Result "1-0"]
[WhiteElo "1449"]
[BlackElo "1142"]
[Opening "French: Paulsen variation"]
[ECO "C10"]
[Time "20:30:04"]
[TimeControl "2700+45"]

1. e4 e6 2. d4 d5 3. Nc3 Ne7 4. e5 Ng6 5. Nf3 c5 6. Bd3 Nc6 7. Be3 cxd4 8. Nxd4
Ngxe5 9. Bb5 Bd7 10. Nxc6 Bxc6 11. Bxc6+ Nxc6 12. Na4 Qa5+ 13. c3 Qb5 14. Qb3
Qa6 15. Nc5 Bxc5 16. Bxc5 b6 17. Qa3 Qc4 18. Bd6 O-O-O 19. O-O-O Rd7 20. g3 Rhd8
21. Bf4 Kb7 22. Kb1 e5 23. Bg5 f6 24. Be3 d4 25. cxd4 exd4 26. Rc1 Qd3+ 27. Qxd3
dxe3 28. Qxe3 Re7 29. Qf3 Rc7 30. h4 Kb8 31. Rxc6 {Black resigns} 1-0

[Event "Team 45 45 League T39"]
[Site "Internet Chess Club"]
[Date "2008.11.22"]
[Round "5"]
[White "Lionskins"]
[Black "tourettes"]
[Result "0-1"]
[WhiteElo "1614"]
[BlackElo "1722"]
[Opening "English opening"]
[ECO "A05"]
[Time "12:02:42"]
[TimeControl "2700+45"]

1. Nf3 Nf6 2. c4 e6 3. a3 c5 4. Nc3 Be7 5. h3 O-O 6. Qc2 Nc6 7. e3 d6 8. g4 Nd7
9. b3 Nde5 10. Be2 a6 11. Bb2 Nxf3+ 12. Bxf3 Bh4 13. Rf1 Ne5 14. Bg2 f5 15. gxf5
Rxf5 16. d3 Nf3+ 17. Bxf3 Rxf3 18. Qe2 Rxh3 19. O-O-O d5 20. Rg1 Bf6 21. Rg2 d4
22. Ne4 b6 23. Rdg1 Ra7 24. Kc2 Rf7 25. Ng5 Bxg5 26. Rxg5 Qf6 27. R5g2 Bb7 28.
e4 Rf3 29. Rf1 e5 30. Bc1 Qh4 31. Bg5 Qh5 32. Rfg1 h6 33. Bd2 Bc8 34. Rg3 R3f5
35. Qxh5 Rxh5 36. R1g2 b5 37. Rg6 Kh7 38. Rxa6 Bxa6 {White resigns} 0-1

[Event "Team 45 45 League T39"]
[Site "Internet Chess Club"]
[Date "2008.11.23"]
[Round "5"]
[White "crankn8tr"]
[Black "Slartibartfast"]
[Result "0-1"]
[WhiteElo "1549"]
[BlackElo "1666"]
[Opening "Robatsch (modern) defense"]
[ECO "B06"]
[Time "12:00:11"]
[TimeControl "2700+45"]

1. e4 g6 2. d4 Bg7 3. Nc3 d6 4. Be3 a6 5. Nf3 Nd7 6. Qd2 b5 7. O-O-O Bb7 8. Bd3
c5 9. d5 Qa5 10. Kb1 Bxc3 11. Qxc3 Qxc3 12. bxc3 Ngf6 13. h4 c4 14. Be2 Nxe4 15.
Bd4 Nef6 16. g4 Rg8 17. Ng5 Bxd5 18. Rhe1 h6 19. Nh3 Be6 20. g5 hxg5 21. hxg5
Nh7 22. Bf3 Rd8 23. Nf4 Nxg5 24. Nxe6 Nxe6 25. Be3 Rh8 26. Bd5 Kf8 27. Rh1 Rxh1
28. Rxh1 Kg7 29. Bh6+ Kf6 30. Be3 Nec5 31. Rh7 e6 32. Bg2 Na4 33. Kc1 Nf8 34.
Rh3 e5 35. Rf3+ Kg7 36. Bg5 Rd7 37. Bf6+ Kg8 38. Rg3 Nh7 39. Bh4 Kg7 40. Bh3 Rc7
41. Bf5 Nxc3 42. Bxg6 Ne2+ {White resigns} 0-1

[Event "Team 45 45 League T39"]
[Site "Internet Chess Club"]
[Date "2008.11.23"]
[Round "5"]
[White "GadsHill"]
[Black "slipkid"]
[Result "1-0"]
[WhiteElo "1587"]
[BlackElo "1597"]
[Opening "QGD Slav: 3.Nf3"]
[ECO "D11"]
[Time "09:00:22"]
[TimeControl "2700+45"]

1. d4 d5 2. c4 c6 3. Nf3 Nf6 4. Qc2 e6 5. Bf4 c5 6. cxd5 Nxd5 7. Bg3 cxd4 8.
Qa4+ Bd7 9. Qxd4 Nc6 10. Qe4 Bb4+ 11. Nbd2 O-O 12. e3 a6 13. Bc4 Nf6 14. Qc2 Rc8
15. O-O b5 16. Be2 Nd4 17. Qd3 Nxe2+ 18. Qxe2 Bc6 19. Rac1 Bxd2 20. Qxd2 Ne4 21.
Qxd8 Rfxd8 22. Be5 f6 23. Bc3 Nxc3 24. Rxc3 Bxf3 25. Rxc8 Rxc8 26. gxf3 Rc2 27.
Rd1 Kf7 28. Rd7+ Kg6 29. Ra7 Rxb2 30. Rxa6 b4 31. Rb6 Kf5 32. Rb5+ e5 33. Rb6 g5
34. e4+ Kf4 35. Rxf6# {Black checkmated} 1-0